 Dungeon Crawl Stone Soup version 0.29-a0-802-g34511f41fd (webtiles) character file.

Game seed: 15977382381562588598

4 trckry the Sneak (level 1, -2/18 HPs)
             Began as a Mummy Delver on July 4, 2022.
             Slain by an iguana (10 damage)
             ... on level 4 of the Dungeon.
             The game lasted 00:02:05 (240 turns).

trckry the Sneak (Mummy Delver)                      Turns: 240, Time: 00:02:05

Health: -2/18      AC:  3    Str: 15    XL:     1   Next: 50%
Magic:  1/1        EV: 11    Int:  9    God:
Gold:   0          SH:  0    Dex: 13    Spells: 0/0 levels left

rFire   x . .      SeeInvis .   h - +2 short sword (venom)
rCold   + . .      Faith    .   (no shield)
rNeg    + + +      Spirit   .   b - +0 leather armour
rPois   ∞          Reflect  .   (no helmet)
rElec   .          Harm     .   (no cloak)
rCorr   .          Rampage  .   (no gloves)
Will    .....                   (no boots)
Stlth   ++........              (no amulet)
HPRegen 0.06/turn               (no ring)
MPRegen 0.07/turn               (no ring)

@: no status effects
A: cold resistance 1, negative energy resistance 3, torment resistance 2, heat
vulnerability 1, no potions
a: no special abilities


You were on level 4 of the Dungeon.
You visited 1 branch of the dungeon, and saw 2 of its levels.

Inventory:

Hand Weapons
 a - a +0 falchion
 h - a +2 short sword of venom (weapon)
Armour
 b - a +0 leather armour (worn)
 g - a +0 chain mail
Wands
 f - a wand of digging (3)
Scrolls
 c - a scroll of fog
 d - a scroll of magic mapping
 e - a scroll of fear


   Skills:
 + Level 3.0 Fighting
 * Level 1.7 Long Blades
 + Level 0.1 Armour
 + Level 1.6 Dodging
 - Level 4.1 Stealth


You couldn't memorise any spells.
You didn't know any spells.
Your spell library was empty.

Dungeon Overview and Level Annotations

Branches:
Dungeon (5/15) Zot: 11758
 Temple: D:4-7

Altars:


Innate Abilities, Weirdness & Mutations

You are immune to poison.
Your flesh is cold resistant. (rC+)
You are immune to negative energy. (rN+++)
You are immune to unholy pain and torment.
You are vulnerable to heat. (rF-)
You do not drink.


Message History

You see here a fuming golden potion.
There is a stone staircase leading up here.
You climb upwards.
The orc shouts! x3
Found a silvery potion.
There is a stone staircase leading down here.
The iguana hisses angrily.
The orc hits you but does no damage. The orc attacks as you move away!
The orc barely misses you. The orc attacks as you move away!
The orc hits you but does no damage. The orc attacks as you move away!
The orc completely misses you.
Found 11 gold pieces.
Press: ? - help, v - describe, . - travel
Here: an orc, wielding a +2 short sword of venom The floor.
You barely miss the orc. The orc hits you with a +0 club.
You take 4 damage, and have 14/18 hp.
MASSIVE DAMAGE!!
You barely miss the orc. The orc hits you but does no damage.
You hit the orc but do no damage. The orc misses you.
You hit the orc.
The orc is almost dead.
The orc misses you.
You closely miss the orc.
The orc is almost dead.
The orc hits you but does no damage.
You slash the orc!
You kill the orc!
You hit the orc.
You kill the orc!
The iguana completely misses you.
Items here: )) [ †.
h - a +2 short sword of venom The iguana closely misses you.
Your +2 short sword of venom begins to drip with poison!
h - a +2 short sword of venom (weapon)
The iguana bites you!
You take 7 damage, and have 8/18 hp.
MASSIVE DAMAGE!!
You hit the iguana but do no damage. The iguana bites you!
Ouch! That really hurt!
You die...

#. .. .# ######
.# ##.....###
##.#
#........####.#
#.............#
##.......l.#.ol##
#..........####@#
#...........# #.#
#...........#
#..#
!...........#
##$#
#......>....# ..
#..........## ..#
##.....^...# ...
##.......## ..#.
#.......# .###.


You could see an iguana and an orc.

Vanquished Creatures
  2 orcs (D:4)
2 creatures vanquished.

Notes
Turn   | Place    | Note
-------+----------+-------------------------------------------
     0 | D:5      | trckry the Mummy Delver began the quest for the Orb.
     0 | D:5      | Reached XP level 1. HP: 18/18 MP: 1/1
   166 | D:5      | Noticed a gnoll bouda
   195 | D:5      | Noticed an ogre
   218 | D:4      | Noticed an iguana
   240 | D:4      | Slain by an iguana

Illustrated notes

Levels and vault maps discovered:
D:4:      layout_cave_pods, minmay_bisected
D:5:      layout_basic, lemuel_flamethrower_2, uniq_edmund

Action                   || total
-------------------------++-------
Melee: Falchion          ||     7
       Short sword       ||     1
Armor: Leather armour    ||     4
Dodge: Dodged            ||     6

Table legend: (Time is in decaauts)
 A = Elapsed time spent in this place.
 B = Non-inter-level travel time spent in this place.
 C = Inter-level travel time spent in this place.
 D = Time resting spent in this place.
 E = Time spent auto-exploring this place.
 F = Levels seen in this place.
 G = Mean time per level.
                   A        B        C        D        E       F      G
               +--------+--------+--------+--------+--------+-----+--------+
         Total |    240 |    240 |      0 |      0 |      0 |   2 |  120.0 |
       Dungeon |    240 |    240 |      0 |      0 |      0 |   2 |  120.0 |
               +--------+--------+--------+--------+--------+-----+--------+

Top non-repeatable levels by time:
     D:5: 218 daAuts
     D:4: 22 daAuts
